 Dungeon Sprint DCSS version 0.28.0-43-g3370ac3207 (webtiles) character file.

Game seed: 16910736809654665095

1925 boopmooplesden the Severer (level 8, -2/89 HPs)
             Began as a Minotaur Berserker on Mar 28, 2022.
             Was a High Priest of Trog.
             Slain by a sixfirhy (9 damage)
             ... summoned by an orc high priest
             ... in the Dungeon (Sprint III: "The Ten Rune Challenge").
             The game lasted 00:02:58 (1057 turns).

boopmooplesden the Severer (Minotaur Berserker)     Turns: 1057, Time: 00:02:59

Health: -2/89      AC:  4    Str: 22    XL:     8   Next: 96%
Magic:  7/7        EV: 14    Int:  8    God:    Trog [*****.]
Gold:   47         SH:  0    Dex: 12    Spells: 7/7 levels left

rFire   . . .      SeeInvis .   p - +2 long sword (holy)
rCold   . . .      Faith    .   (no shield)
rNeg    . . .      Spirit   .   o - +0 leather armour
rPois   .          Reflect  .   (helmet restricted)
rElec   .          Harm     .   (no cloak)
rCorr   .          Rampage  .   (no gloves)
Will    .....      NoTele   +   (no boots)
Stlth   ++........              (no amulet)
HPRegen 0.24/turn               (no ring)
MPRegen 0.10/turn               (no ring)

@: on berserk cooldown, slowed, very slow
A: horns 2, retaliatory headbutt, clever 2, subdued magic 1
a: Renounce Religion, Berserk, Trog's Hand, Brothers in Arms


You were in the Dungeon.
You worshipped Trog.
Trog was extremely pleased with you.
You visited 1 branch You collected 47 gold pieces.

Inventory:

Hand Weapons
 a - a +0 hand axe
 p - a +2 long sword of holy wrath (weapon)
Armour
 b - a +0 animal skin
 o - a +0 leather armour (worn)
Scrolls
 h - a scroll of blinking
 i - a scroll of immolation {unknown}
 j - 4 scrolls of identify
 l - a scroll of torment {unknown}
Potions
 c - 3 potions of curing
 e - a potion of haste
 f - 2 potions of magic
 g - a potion of berserk rage
 k - 2 potions of might
 m - a potion of flight {unknown}
 n - 2 potions of mutation
Miscellaneous
 q - a box of beasts (inert)


   Skills:
 + Level 14.3 Fighting
 + Level 4.7 Long Blades
 + Level 15.2 Axes
 + Level 7.9 Armour
 + Level 8.0 Dodging
 + Level 2.0 Stealth


You had 7 spell levels left.
You didn't know any spells.
Your spell library was empty.

Dungeon Overview and Level Annotations

Branches:
Dungeon (1/1)

Altars:
Cheibriados
Dithmenos
Elyvilon
Fedhas
Gozag
Hepliaklqana
Kikubaaqudgha
Makhleb
Nemelex Xobeh
Okawaru
Qazlal
Ru
Sif Muna
Trog
Uskayaw
Vehumet
Wu Jian
Xom
Yredelemnul
Zin
The Shining One
Beogh
Jiyva
Lugonu

Shops:
D *


Innate Abilities, Weirdness & Mutations

You have a pair of horns on your head.
You reflexively headbutt those who attack you in melee.
Your mind is very acute. (Int +4)
Your spells are a little easier to cast, but a little less powerful.


Message History

The orc priest is severely wounded.
The orc priest hits you with a +0 whip!
The orc knight hits you with a +0 battleaxe!
The orc barely misses you. The orc hits you but does no damage.
The orc warrior hits you with a +0 dire flail!!
The orc knight closely misses you.
You hit the orc priest.
You kill the orc priest!
Trog accepts your kill.
The orc high priest prays to Beogh.
The orc knight hits you with a +0 battleaxe.
The orc barely misses you. The orc closely misses you.
The orc warrior hits you with a +0 dire flail!
The orc knight hits you with a +0 great mace!!
The orc knight hits you with a +0 battleaxe!!
* * * LOW HITPOINT WARNING * * *
Items here: )) [[.
You feel a strong urge to attack something.
The orc no longer looks unusually strong.
The orc high priest prays.
You see here 12 gold pieces.
Unknown command.
You are no longer berserk.
You are exhausted.
You feel yourself slow down.
The orc knight roars a battlecry!
The orc goes into a battle-frenzy!
The orc throws a silver boomerang.
The silver boomerang hits you.
* * * LOW HITPOINT WARNING * * *
The silver sears you!
* * * LOW HITPOINT WARNING * * *
There is an open door to the Orcish Mines here.
You feel much better. The sixfirhy hits you!
* * * LOW HITPOINT WARNING * * *
The sixfirhy shocks you!
* * * LOW HITPOINT WARNING * * *
The sixfirhy barely misses you. The sixfirhy hits you.
* * * LOW HITPOINT WARNING * * *
The sixfirhy shocks you!
You die...

##.############ ### # $
#..#___#___#__###$.#∩#$$
#..#...#__)#._#$o.3.....
#..###'#'###)##o$oo....$
#..#..........#o)4.o....
...'.⌠........#o#o###.##
...#...######'#$###
...#.⌠.#__#...#3#####
...#...#__#...#.@≈§≈+
...#)###__#...#.#§§§#
...#.:.#__#...'.#§§§#
...#___#__'...#.#...#
▓▓▓▓▓▓▓▓▓▓▓▓▓▓▓▓▓▓▓▓▓


You could see an orc knight (strong), a sixfirhy (summoned), an orc warrior
(strong) and an orc (strong).

Vanquished Creatures
  Josephine (D)
  A deep elf pyromancer (D)
  A shadow (D)
  A spatial vortex (D)
  A necrophage (D)
  A water elemental (D)
  A scorpion (D)
  An orc priest (D)
  A jelly (D)
  A necromancer (D)
  A wizard (D)
  3 humans (D)
  A kobold demonologist (D)
  3 orcs (D)
  2 endoplasms (D)
  2 rats (D)
22 creatures vanquished.

Vanquished Creatures (collateral kills)
  4 orcs (D)
4 creatures vanquished.

Grand Total: 26 creatures vanquished

Notes
Turn   | Place    | Note
-------+----------+-------------------------------------------
     0 | D        | boopmooplesden the Minotaur Berserker began the quest for
                  | the Orb.
     0 | D        | Reached XP level 1. HP: 19/19 MP: 0/0
    11 | D        | Reached skill level 4 in Axes
    29 | D        | Reached ** piety under Trog
    51 | D        | Noticed a scorpion
    54 | D        | Killed a scorpion
    55 | D        | Reached skill level 6 in Axes
    55 | D        | Reached XP level 2. HP: 31/31 MP: 1/1
    55 | D        | Reached XP level 3. HP: 38/38 MP: 2/2
    59 | D        | Reached skill level 7 in Axes
    59 | D        | Reached XP level 4. HP: 47/47 MP: 3/3
   105 | D        | Gained mutation: You are strong-willed. (Will+) [potion of
                  | mutation]
   106 | D        | Lost mutation: You are strong-willed. (Will+) [potion of
                  | mutation]
   106 | D        | Gained mutation: Your mind is acute. (Int +2) [potion of
                  | mutation]
   106 | D        | Gained mutation: Your spells are a little easier to cast,
                  | but a little less powerful. [potion of mutation]
   106 | D        | Gained mutation: Your mind is very acute. (Int +4) [potion
                  | of mutation]
   108 | D        | Noticed a water elemental
   114 | D        | Killed a water elemental
   115 | D        | Reached skill level 8 in Axes
   115 | D        | Reached XP level 5. HP: 53/53 MP: 4/4
   166 | D        | Found a basalt altar of Yredelemnul.
   166 | D        | Found a shadowy altar of Dithmenos.
   166 | D        | Found a sacrificial altar of Ru.
   166 | D        | Noticed a necrophage
   172 | D        | Reached *** piety under Trog
   173 | D        | Reached skill level 9 in Axes
   178 | D        | Killed a necrophage
   179 | D        | Reached skill level 10 in Axes
   179 | D        | Reached skill level 5 in Armour
   179 | D        | Reached skill level 5 in Dodging
   311 | D        | Found a hide-covered altar of Uskayaw.
   311 | D        | Found an iron altar of Okawaru.
   313 | D        | Found a bloodstained altar of Trog.
   313 | D        | Found an ornate altar of the Wu Jian Council.
   313 | D        | Noticed a human
   313 | D        | Noticed a human
   317 | D        | Killed a human
   318 | D        | Reached skill level 10 in Fighting
   318 | D        | Reached skill level 11 in Axes
   318 | D        | Reached XP level 6. HP: 67/67 MP: 5/5
   323 | D        | Killed a human
   324 | D        | Reached skill level 12 in Axes
   324 | D        | Reached XP level 7. HP: 74/74 MP: 6/6
   393 | D        | Found a radiant altar of Vehumet.
   393 | D        | Found a shimmering blue altar of Sif Muna.
   393 | D        | Found an ancient bone altar of Kikubaaqudgha.
   395 | D        | Reached **** piety under Trog
   396 | D        | Reached skill level 1 in Stealth
   521 | D        | Found a glowing silver altar of Zin.
   521 | D        | Found a glowing golden altar of the Shining One.
   521 | D        | Found a white marble altar of Elyvilon.
   523 | D        | Noticed a deep elf pyromancer
   527 | D        | Killed a deep elf pyromancer
   528 | D        | Reached skill level 13 in Axes
   546 | D        | Noticed a shadow
   549 | D        | Killed a shadow
   550 | D        | Reached skill level 14 in Axes
   550 | D        | Reached XP level 8. HP: 73/86 MP: 7/7
   551 | D        | Reached ***** piety under Trog
   609 | D        | Found a blossoming altar of Fedhas.
   609 | D        | Found a stormy altar of Qazlal.
   610 | D        | Found a snail-covered altar of Cheibriados.
   610 | D        | Found a burning altar of Makhleb.
   610 | D        | Found a hazy altar of Hepliaklqana.
   610 | D        | Found a shimmering altar of Xom.
   610 | D        | Found an opulent altar of Gozag.
   610 | D        | Found a sparkling altar of Nemelex Xobeh.
   610 | D        | Found a corrupted altar of Lugonu.
   610 | D        | Found a viscous altar of Jiyva.
   873 | D        | Noticed Josephine
   887 | D        | Killed Josephine
   888 | D        | Reached skill level 15 in Axes
  1042 | D        | Noticed an orc knight
  1045 | D        | Noticed an orc high priest
  1045 | D        | Noticed an orc knight
  1048 | D        | Found Womm's Assorted Antiques.
  1048 | D        | Noticed an orc high priest
  1053 | D        | Noticed a sixfirhy
  1057 | D        | Slain by a sixfirhy

Illustrated notes

Levels and vault maps discovered:
D:        dungeon_sprint_mu [sprint_mu_entry_cave, sprint_mu_temple_rooms,
          sprint_mu_d1_horrors, sprint_mu_d2_genie, sprint_mu_d3_branching,
          sprint_mu_orc_legion, sprint_mu_elf_gauntlet, sprint_mu_hive_nellie,
          sprint_mu_lair_fedhas, sprint_mu_vaults_butterflies,
          sprint_mu_slime_circle, sprint_mu_swamp_cave, sprint_mu_shoals_archi,
          sprint_mu_blade_basic, sprint_mu_crypt_fortress,
          sprint_mu_tomb_spiral, sprint_mu_vestibule_basic,
          sprint_mu_gehenna_hellfire, sprint_mu_dis_giant,
          sprint_mu_tartarus_statrot, sprint_mu_cocytus_islands, sprint_mu_zot1]

Skill      XL: |  1  2  3  4  5  6  7  8 |
---------------+-------------------------+-----
Fighting       | 6 7 8 10 11 13 14 | 14.3
Axes           | 6 7 8 11 12 14 15 | 15.2
Armour         | 3 4 5 6 7 |  7.9
Dodging        | 3 4 5 6 7 8 |  8.0
Stealth        | 1 2 |  2.0
Long Blades    | 4 |  4.7

Action                   |  1- 3 |  4- 6 |  7- 9 || total
-------------------------+-------+-------+-------++-------
Melee: Hand axe          |    11 |    25 |     5 ||    41
       Headbutt          |     1 |     5 |     5 ||    11
       Long sword        |       |       |    31 ||    31
       Punch             |       |       |     1 ||     1
Invok: Berserk           |     1 |     3 |     4 ||     8
       Brothers in Arms  |       |       |     1 ||     1
Evoke: Box of beasts     |       |       |     1 ||     1
  Use: Potion            |       |     2 |     1 ||     3
Armor: Leather armour    |       |       |     4 ||     4
Dodge: Dodged            |     4 |     7 |    20 ||    31
